cohdb
Replays
Latest Replays
All Replays
Popular Replays
Top Player Replays
Match Explorer
How It Works
Community
CoH3 Stats
Reddit
Sign in to upload your games and track your stats! →
Sign in with Steam
Match 44173337
Unlisted
Match 44173337
Overview
Messages
Build Orders
End
Engineer Squad
Construct Barracks
1⁄4-ton 4x4 Truck
Riflemen Squad
Riflemen Squad
Grenade Package
Riflemen Squad
Infantry Support Center
Construct Tank Depot
Selects Armored Battlegroup
Selects Veteran Crews
Selects M31 Recovery Vehicle
Selects War Machine
M18 Hellcat Tank Destroyer
Selects Strength in Steel
M1 Mortar Team
M18 Hellcat Tank Destroyer
M1918 Browning Automatic Rifles
.30 cal Machine Gun
Selects Seek and Destroy
Selects UNKNOWN (2160077)
M18 Hellcat Tank Destroyer
M1 Mortar Team
Engineer Squad
Demolitions Package
M4A3E8 Sherman Easy Eight
M4A3E8 Sherman Easy Eight
M31 Recovery Vehicle
M18 Hellcat Tank Destroyer
dan legend
Xheal
Alex
Steiner
skyhawkfranky
StoryCoffee
0
0
Comments
sign in to comment!
No comments posted yet!